 Dungeon Crawl Stone Soup version 0.28.0-43-g3370ac3207 (console) character file.

Game seed: 12923451823659782777

6193 Zeor the Thaumaturge (level 11, -1/69 HPs)
             Began as a Djinni Venom Mage on Mar 25, 2022.
             Was a Believer of Makhleb.
             Killed from afar by an efreet (11 damage)
             ... with a fireball
             ... on level 9 of the Dungeon on Mar 26, 2022.
             The game lasted 00:44:50 (10571 turns).

Zeor the Thaumaturge (Djinni Venom Mage)           Turns: 10571, Time: 00:44:51

Health: -1/69      AC:  8    Str: 10    XL:     11   Next: 14%
Gold:   1383       EV: 13    Int: 24    God:    Makhleb [**....] SH:  0 Dex: 14

rFire   + + .      SeeInvis .   b - +9 short sword "Fokhuz" {drain, rPois}
rCold   x . .      Faith    .   (no shield)
rNeg    . . .      Spirit   .   p - +2 leather armour {Will+}
rPois   ∞          Reflect  .   n - +2 hat {Stlth+}
rElec   .          Harm     .   (no cloak)
rCorr   +          Rampage  .   g - +0 pair of gloves
Will    ++...                   (boots unavailable)
Stlth   +++.......              F - amulet of Charity {RegenMP rCorr Str+3 Int+3}
HPRegen 0.21/turn               s - ring of wizardry
MPRegen 0.00/turn               (no ring)

@: flying
A: sickness immunity, fire resistance 2, cold vulnerability 1, float, innate
caster, HP casting, extra vitality 1
a: Renounce Religion, Minor Destruction


You were on level 9 of the Dungeon.
You worshipped Makhleb.
Makhleb was pleased with you.
You visited 2 branches of the dungeon, and saw 10 of its levels.
You also visited: Bailey.

You collected 1408 gold pieces.
You spent 25 gold pieces at shops.

Inventory:

Hand Weapons
 b - the +9 short sword "Fokhuz" (weapon) {drain, rPois}
   (You found it on level 2 of the Dungeon)

   A truly terrible weapon, it drains the life of any living foe it strikes.
   rPois:     It protects you from poison.
 e - a +1 dagger of flaming
 j - a +1 hand crossbow
 m - a +1 dagger of venom
 o - a +0 rapier
 u - a +2 shortbow of flaming
 A - a +4 scimitar of flaming
Missiles
 k - 36 bolts
 v - 55 arrows
Armour
 g - a +0 pair of gloves (worn)
 h - a +0 buckler
 n - a +2 hat of stealth (worn)
 p - a +2 leather armour of willpower (worn)
Magical Staves
 a - a staff of poison
Jewellery
 c - an amulet of reflection
 s - a ring of wizardry (left hand)
 z - a ring of fire
 F - the amulet of Charity (around neck) {RegenMP rCorr Str+3 Int+3}
   (You found it in a bailey)

   [amulet of magic regeneration]

   It increases your rate of magic regeneration.
   Str:       It affects your strength (+3).
   Int:       It affects your intelligence (+3).
   rCorr:     It protects you from acid and corrosion.
Wands
 l - a wand of acid (12)
 t - a wand of iceblast (6)
 w - a wand of flame (18)
Scrolls
 f - 3 scrolls of summoning
 i - 2 scrolls of teleportation
 r - a scroll of enchant weapon
 y - a scroll of vulnerability
 C - 3 scrolls of fog
Potions
 d - 3 potions of might
 q - a potion of brilliance
 x - 3 potions of curing
 B - 2 potions of invisibility
 D - 2 potions of mutation {unknown}


   Skills:
 + Level 2.3 Fighting
 + Level 4.3 Short Blades
 + Level 2.9 Armour
 * Level 5.1 Dodging
 + Level 4.1 Stealth
 + Level 1.1 Shields
 - Level 10.3 Spellcasting
 * Level 3.3 Invocations


You had 6 spell levels left.
You knew the following spells:

 Your Spells              Type           Power      Damage    Failure   Level
a - Sting                 Tmut/Pois      100%       1d8       1%          1
b - Poisonous Vapours     Pois/Air       100%       N/A       1%          2
c - Mephitic Cloud        Conj/Pois/Air  58%        N/A       1%          3
d - Olgreb's Toxic Radia  Pois           58%        N/A       1%          4
e - Apportation           Tloc           100%       N/A       1%          1
f - Call Imp              Summ           58%        N/A       1%          2
g - Gell's Gravitas       Tloc           58%        N/A       1%          3
h - Flame Wave            Conj/Fire      58%        2d11      1%          4
i - Petrify               Tmut/Erth      58%        N/A       1%          4
Your spell library was empty.

Dungeon Overview and Level Annotations

Branches:
Dungeon (9/15)             Temple (1/1) D:7          Bailey (visited)
   Lair: D:8-11         Orc: D:9-12

Altars:
Ashenzari
Cheibriados
Dithmenos
Elyvilon
Fedhas
Gozag
Kikubaaqudgha
Makhleb
Nemelex Xobeh
Okawaru
Qazlal
Ru
Sif Muna
Trog
Uskayaw
Vehumet
Wu Jian
Xom
Yredelemnul
Zin
The Shining One

Shops:
D:1 *:[


Innate Abilities, Weirdness & Mutations

You are immune to sickness and miasma.
You are immune to poison.
Your flesh is very heat resistant. (rF++)
You are vulnerable to cold. (rC-)
You float through the air rather than walking.
You learn spells naturally, not from books.
Your magical power is your life essence.
You have superior vitality. (+4 MHP)


Message History

b - the +9 short sword "Fokhuz" (weapon)
{drain, rPois} You hit the centaur zombie.
The centaur zombie is lightly damaged.
The centaur zombie hits you but does no damage.
The centaur zombie closely misses you.
You puncture the centaur zombie!
The centaur zombie is moderately damaged.
The centaur zombie misses you.
The centaur zombie kicks you but does no damage.
You puncture the centaur zombie!
The centaur zombie is heavily damaged.
The centaur zombie hits you. The centaur zombie closely misses you.
The centaur zombie hits you.
The centaur zombie kicks you but does no damage.
You puncture the centaur zombie! You punch the centaur zombie.
The centaur zombie is almost destroyed.
The centaur zombie hits you. The centaur zombie barely misses you.
You puncture the centaur zombie!
You destroy the centaur zombie!
Makhleb accepts your kill.
Casting: Olgreb's Toxic Radiance (safe; 1% risk of failure)
Confirm with . or Enter, or press ? or * to list all spells.
Aiming: Petrify (safe; 1% risk of failure)
Press: ? - help, Shift-Dir - straight line, f - efreet
Aim: an efreet, wielding a +4 scimitar of flaming (chance to affect: 74%)
The efreet struggles to resist.
The efreet hits you with a +4 scimitar of flaming!
Casting: Petrify (safe; 1% risk of failure)
Confirm with . or Enter, or press ? or * to list all spells.
Aiming: Petrify (safe; 1% risk of failure)
Press: ? - help, Shift-Dir - straight line, f/p - efreet
Aim: an efreet, wielding a +4 scimitar of flaming (chance to affect: 74%)
The efreet is moving more slowly.
* * * LOW HITPOINT WARNING * * *
The efreet hits you with a +4 scimitar of flaming!
* * * LOW HITPOINT WARNING * * *
Okay, then.
The efreet gestures at you.
The fireball explodes!
The fireball engulfs you! You resist.
You die...

▒ ▒▒▒▒ ▒∙
∙∙▒ ▒ ▒∙▒
▒▒R▒ ▒▒
▒∙∙▒ ∙∙
▒∙▒▒ ∙∙
▒▒▒▒▒ ▒R▒
▒∙ ∙∙
▒▒▒∙∙(▒▒
▒)▒ ▒∙∙
∙∙
∙∙∙∙∙∙∙▒
▒∙▒▒ ▒∙∙▒
∙∙
▒▒▒▒▒∙∙▒▒
▒∙∙▒▒
▒∙∙▒ ∙∙
▒▒∙∙▒▒
▒▒∙○▒▒∙∙▒
▒ ▒▒▒∙▒▒
▒∙∙∙∙∙▒


You could see an efreet (petrifying).

Vanquished Creatures
  An orc warlord (Bailey)
  Erica (D:8)
  An orc knight (Bailey)
  Joseph (D:8)
  Maggie (D:8)
  Grinder (D:5)
  Eustachio (D:5)
  A steam dragon (D:9)
  Edmund (D:5)
  6 orc warriors
  2 sky beasts (D:6)
  2 black bears
  A necrophage (D:8)
  2 ogres
  4 centaurs
  A phantom (D:5)
  A bullfrog (D:6)
  3 scorpions
  2 water moccasin skeletons
  5 killer bees (D:8)
  A wight (D:9)
  A howler monkey (D:6)
  3 centaur zombies
  A bullfrog zombie (D:6)
  4 orc priests
  4 hounds
  An iguana (D:6)
  3 orc wizards
  A killer bee zombie (D:8)
  A howler monkey zombie (D:7)
  Robin (D:2)
  11 gnolls
  A howler monkey skeleton (D:6)
  6 adders
  A white imp (D:5)
  2 ufetubi (D:6)
  8 dart slugs
  18 orcs
  5 ball pythons
  6 bats
  5 endoplasms
  25 goblins
  14 hobgoblins
  3 jackals (D:3)
  9 quokkas
  4 frilled lizards
  13 kobolds
  2 rats
192 creatures vanquished.

Vanquished Creatures (collateral kills)
  A sky beast (D:5)
  A gnoll (Bailey)
  An orc (Bailey)
  A hobgoblin (Bailey)
4 creatures vanquished.

Grand Total: 196 creatures vanquished

Notes
Turn   | Place    | Note
-------+----------+-------------------------------------------
     0 | D:1      | Zeor the Djinni Venom Mage began the quest for the Orb.
     0 | D:1      | Reached XP level 1. HP: 15/15 MP: 0/0
   154 | D:1      | Reached XP level 2. HP: 10/21 MP: 0/0
   438 | D:1      | Found Porirgh's Assorted Antiques.
   478 | D:1      | Bought a scroll labelled DISO XEAMOA for 25 gold pieces
   496 | D:1      | Found Xistuif's Book Emporium.
   506 | D:1      | Reached skill level 3 in Spellcasting
   594 | D:1      | Found Ynnun's Antique Armour Boutique.
   671 | D:1      | Reached XP level 3. HP: 21/25 MP: 0/0
   671 | D:1      | Learned a level 1 spell: Apportation
   769 | D:1      | HP: 1/25 [quokka (3)]
  1576 | D:2      | Reached XP level 4. HP: 24/31 MP: 0/0
  1874 | D:2      | Identified the +9 short sword "Fokhuz" {drain, rPois}
  2043 | D:2      | Noticed Robin
  2088 | D:2      | Killed Robin
  2116 | D:2      | Reached XP level 5. HP: 7/35 MP: 0/0
  2116 | D:2      | Learned a level 2 spell: Call Imp
  2861 | D:3      | Reached skill level 4 in Spellcasting
  3422 | D:3      | Found a faded altar of an unknown god.
  4103 | D:4      | Reached XP level 6. HP: 40/40 MP: 0/0
  4430 | D:5      | Entered Level 5 of the Dungeon
  4430 | D:5      | Noticed a sky beast
  4458 | D:5      | Reached skill level 1 in Short Blades
  4637 | D:5      | Noticed Eustachio
  4654 | D:5      | Reached XP level 7. HP: 39/46 MP: 0/0
  4654 | D:5      | Learned a level 3 spell: Gell's Gravitas
  4669 | D:5      | Killed Eustachio
  4670 | D:5      | Reached skill level 5 in Spellcasting
  4905 | D:5      | Noticed Edmund
  4918 | D:5      | Killed Edmund
  4919 | D:5      | Reached XP level 8. HP: 37/51 MP: 0/0
  5379 | D:5      | Noticed Grinder
  5393 | D:5      | Reached skill level 6 in Spellcasting
  5397 | D:5      | Killed Grinder
  5398 | D:5      | Reached skill level 1 in Fighting
  5803 | D:6      | Reached skill level 1 in Armour
  5810 | D:6      | Reached skill level 7 in Spellcasting
  5814 | D:6      | Reached XP level 9. HP: 12/57 MP: 0/0
  5814 | D:6      | Learned a level 4 spell: Flame Wave
  6861 | D:7      | Found a staircase to the Ecumenical Temple.
  6874 | Temple   | Entered the Ecumenical Temple
  7164 | Temple   | Became a worshipper of Makhleb the Destroyer
  7327 | D:7      | Reached skill level 8 in Spellcasting
  7762 | D:8      | Noticed Joseph
  8221 | D:8      | Noticed Maggie
  8270 | D:8      | Noticed Erica
  8286 | D:8      | Killed Erica
  8287 | D:8      | Reached XP level 10. HP: 47/64 MP: 0/0
  8292 | D:8      | Found a flagged portal.
  8299 | D:8      | Reached * piety under Makhleb
  8306 | Bailey   | Entered a bailey
  8439 | Bailey   | Noticed an orc warlord
  8479 | Bailey   | Reached skill level 9 in Spellcasting
  8482 | Bailey   | Noticed an orc knight
  8491 | Bailey   | Reached skill level 1 in Shields
  8508 | Bailey   | Killed an orc knight
  9018 | Bailey   | Found a runed translucent gate.
  9019 | Bailey   | Found a runed translucent gate.
  9020 | Bailey   | Found a runed translucent gate.
  9141 | Bailey   | Killed an orc warlord
  9142 | Bailey   | Reached skill level 10 in Spellcasting
  9340 | Bailey   | Identified the amulet of Charity {RegenMP rCorr Str+3
                  | Int+3}
  9356 | Bailey   | Acquired 880 gold pieces
  9662 | D:8      | Killed Maggie
  9663 | D:8      | Reached skill level 1 in Invocations
  9879 | D:8      | Reached XP level 11. HP: 69/69 MP: 0/0
  9879 | D:8      | Learned a level 4 spell: Petrify
  9904 | D:8      | Reached ** piety under Makhleb
 10039 | D:8      | Killed Joseph
 10325 | D:9      | Noticed a skeletal warrior
 10325 | D:9      | Noticed a skeletal warrior
 10325 | D:9      | Noticed a skeletal warrior
 10325 | D:9      | Noticed a skeletal warrior
 10325 | D:9      | Noticed a skeletal warrior
 10493 | D:9      | Noticed a two-headed ogre
 10553 | D:9      | Reached skill level 5 in Dodging
 10571 | D:9      | Killed from afar by an efreet

Illustrated notes

Levels and vault maps discovered:
D:1:      wander_arrival_estate, layout_rooms, serial_shops,
          nicolae_diamond_shop, nicolae_square_shop, shop, nrook_loot_triangle
D:2:      layout_basic, uniq_robin
D:3:      layout_loops_ring, shapermc_ecumenical_altar_flowoftime
D:4:      layout_loops_ring
D:5:      layout_loops_cross, uniq_edmund, uniq_eustachio, uniq_grinder
D:6:      layout_cave_pools
D:7:      layout_loops_ring, minmay_temple_entry_wispy
D:8:      layout_loops_ring, enter_bailey_5, solitary_fountain, uniq_maggie,
          uniq_joseph, uniq_erica
D:9:      layout_layer_cave, minmay_bent
Temple:   mainiacjoe_temple_hex_bubbles

Skill      XL: |  1  2  3  4  5  6  7  8  9 10 11 |
---------------+----------------------------------+-----
Spellcasting   | 3 4 5 7 8 10 | 10.3
Stealth        | 2 3 4 |  4.1
Short Blades   | 1 2 4 |  4.3
Fighting       | 1 2 |  2.3
Dodging        | 3 4 5 |  5.1
Armour         | 1 2 |  2.9
Shields        | 1 |  1.1
Invocations    | 1 3 |  3.3

Action                   |  1- 3 |  4- 6 |  7- 9 | 10-12 || total
-------------------------+-------+-------+-------+-------++-------
Melee: Short sword       |    11 |    47 |    98 |    14 ||   170
       Staff             |       |       |     1 |     2 ||     3
       Punch             |       |       |       |     1 ||     1
 Cast: Sting             |    36 |    52 |    26 |    37 ||   151
       Poisonous Vapours |     6 |    11 |     6 |    10 ||    33
       Mephitic Cloud    |     1 |    10 |    19 |    19 ||    49
       Call Imp          |       |     2 |     4 |     6 ||    12
       Gell's Gravitas   |       |       |     2 |     3 ||     5
       Olgreb's Toxic Ra |       |       |    21 |    24 ||    45
       Flame Wave        |       |       |     1 |       ||     1
       Petrify           |       |       |       |     3 ||     3
  Use: Scroll            |     5 |     4 |     3 |     3 ||    15
       Potion            |       |     1 |     5 |     1 ||     7
 Stab: Sleeping          |     1 |     5 |     1 |       ||     7
       Confused          |       |       |     4 |       ||     4
Armor: Robe              |    11 |    19 |    12 |       ||    42
       Leather armour    |       |       |    30 |     9 ||    39
Dodge: Dodged            |    14 |    38 |    97 |    28 ||   177
Block: Other             |       |       |    12 |     3 ||    15
       Reflection        |       |       |       |     1 ||     1
